[Event "Titled Tuesday Blitz February 15 Early 2022"]
[White "Tanenbaum, Zachary"]
[Black "Iljin, Timofey"]
[WhiteFideId "2060850"]
[BlackFideId "14110180"]
[WhiteElo "2168"]
[BlackElo "2396"]
[Result "0-1"]
[Round "02"]
[TimeControl "180+1"]
[Date "2022.02.15"]
[WhiteClock "0:00:06"]
[BlackClock "0:00:07"]

1. e4 e5 2. Nf3 Nc6 3. Bc4 Nf6 4. d3 d5 5. exd5 Nxd5 6. O-O Bc5 7. Re1 O-O 8. Nxe5 Nxe5 9. Rxe5 Bxf2+ 10. Kxf2 Qf6+ 11. Qf3 Qxe5 12. Bxd5 c6 13. Bb3 Qxh2 14. Bf4 Qh4+ 15. Kg1 Be6 16. Nc3 Rfe8 17. Rf1 Bxb3 18. axb3 Re6 19. Ne4 Qe7 20. Bd2 Rf8 21. Bc3 f5 22. Ng3 f4 23. Nh5 Rg6 24. Nxf4 Rh6 25. Re1 Qh4 26. Re4 Qh1+ 27. Kf2 Qc1 28. Qe2 Rxf4+ 29. Rxf4 Qxf4+ 30. Kg1 Qh2+ 31. Kf2 Qh4+ 32. Kg1 Qd8 33. Qe5 Rf6 34. Qe3 Rf7 35. Qxa7 b5 36. Qc5 Qd7 37. b4 h6 38. Qe5 Qf5 39. Qe8+ Kh7 40. Qxc6 Qf2+ 41. Kh2 Rf5 42. Qe4 Kh8 43. Qe8+ Kh7 44. Qe4 Kh8 45. Qe8+ Rf8 46. Qe5 Qf4+ 47. Qxf4 Rxf4 48. Kg3 Rf7 49. d4 Kh7 50. Bd2 Kg6 51. Bf4 Kf5 52. Kf3 g5 53. Be5 h5 54. Ke3 Kg4 55. d5 Kf5 56. Kd4 Re7 57. Bb8 Re2 58. Kd3 Rxg2 59. b3 h4 60. c4 h3 61. c5 h2 62. Bxh2 Rxh2 63. c6 Rh8 64. Kd4 g4 65. Kc5 g3 66. d6 g2 67. d7 g1=Q+ 68. Kxb5 Rb8+ 69. Kc4 Qf1+ 70. Kc5 Qf2+ 71. Kd6 Qf4+ 72. Kc5 Qxb4+ 73. Kd5 Rb5# 0-1


[Site "https://www.chess.com"]

[Event "Titled Tuesday Blitz February 15 Early 2022"]
[White "Tari, Aryan"]
[Black "Tarhan, Adar"]
[WhiteFideId "1510045"]
[BlackFideId "34544712"]
[WhiteElo "2567"]
[BlackElo "1802"]
[Result "1-0"]
[Round "02"]
[TimeControl "180+1"]
[Date "2022.02.15"]
[WhiteClock "0:00:48"]
[BlackClock "0:00:14"]

1. d4 d5 2. c4 e6 3. Nf3 Nf6 4. Nc3 Be7 5. Bf4 O-O 6. e3 c5 7. cxd5 exd5 8. dxc5 Bxc5 9. Be2 Nc6 10. O-O Be6 11. Na4 Bd6 12. Bg3 Ne4 13. Rc1 Nxg3 14. hxg3 Qf6 15. Nc3 Rfd8 16. Qa4 Rac8 17. Rfd1 Ne5 18. Nxe5 Qxe5 19. Qxa7 h5 20. Qd4 Qf5 21. Qh4 g6 22. Bf3 Be5 23. e4 Qf6 24. Qxf6 Bxf6 25. exd5 Bf5 26. d6 b6 27. Nd5 Rxc1 28. Nxf6+ Kg7 29. Nxh5+ gxh5 30. Rxc1 Rxd6 31. Rc6 Rxc6 32. Bxc6 Be6 33. a4 Kg6 34. b4 Bc4 35. Bb7 Kf6 36. a5 bxa5 37. bxa5 Ke6 38. a6 Bd5 39. Bxd5+ Kxd5 40. a7 1-0


[Site "https://www.chess.com"]

[Event "Titled Tuesday Blitz February 15 Early 2022"]
[White "Tasev, Dejan"]
[Black "Mosutha, Thuso"]
[WhiteFideId "936618"]
[BlackFideId "11302550"]
[WhiteElo "2253"]
[BlackElo "2028"]
[Result "0-1"]
[Round "02"]
[TimeControl "180+1"]
[Date "2022.02.15"]
[WhiteClock "0:00:36"]
[BlackClock "0:01:39"]

1. e4 c5 2. Nf3 d6 3. Nc3 e6 4. d4 cxd4 5. Nxd4 Nf6 6. Bc4 a6 7. Bb3 Be7 8. f3 O-O 9. Be3 Nc6 10. Qd2 Nxd4 11. Bxd4 d5 12. exd5 Nxd5 13. Nxd5 exd5 14. O-O-O Be6 15. Rhe1 a5 16. c3 a4 17. Bc2 a3 18. b3 b5 19. b4 Rc8 20. Qd3 g6 21. Qxb5 Bf6 22. Bc5 Bxc3 23. Rxe6 Bb2+ 24. Kb1 fxe6 25. Re1 Qf6 26. Qd7 Rfe8 27. f4 Ba1 28. Re5 Bxe5 29. fxe5 Qf1+ 0-1


[Site "https://www.chess.com"]

[Event "Titled Tuesday Blitz February 15 Early 2022"]
[White "Tay, Junior"]
[Black "Kozin, Yuri"]
[WhiteFideId "5800439"]
[BlackFideId "4129920"]
[WhiteElo "2216"]
[BlackElo "2539"]
[Result "0-1"]
[Round "02"]
[TimeControl "180+1"]
[Date "2022.02.15"]
[WhiteClock "0:01:54"]
[BlackClock "0:02:10"]

1. Nc3 c5 2. e4 e6 3. f4 a6 4. Nf3 b5 5. d3 Bb7 6. Be2 Nf6 7. O-O b4 8. Nb1 c4 9. e5 cxd3 10. exf6 dxe2 11. Qxe2 Qxf6 12. Nbd2 Bc5+ 13. Kh1 O-O 14. Ne4 Bxe4 15. Qxe4 Nc6 16. Be3 Bxe3 17. Qxe3 Qxb2 18. Ne5 Nxe5 19. fxe5 Qxc2 20. Rf3 Rac8 21. Raf1 Rc3 22. Qg5 Rxf3 23. gxf3 Qxa2 24. Rd1 Qe2 25. Rxd7 Qxf3+ 26. Kg1 h6 27. Rd2 hxg5 0-1


[Site "https://www.chess.com"]

[Event "Titled Tuesday Blitz February 15 Early 2022"]
[White "Thunderbolt135"]
[Black "Martin, Lewis"]
[BlackFideId "410551"]
[WhiteElo "2745"]
[BlackElo "2145"]
[Result "1-0"]
[Round "02"]
[TimeControl "180+1"]
[Date "2022.02.15"]
[WhiteClock "0:00:24"]
[BlackClock "0:00:19"]

1. e4 c5 2. Nf3 d6 3. d4 cxd4 4. Nxd4 Nf6 5. Nc3 a6 6. Be3 e5 7. Nf3 Be7 8. Bc4 O-O 9. O-O Nc6 10. Qe2 Be6 11. Bb3 b5 12. Rfd1 Qb8 13. Bg5 Na5 14. Bxf6 Bxf6 15. Nd5 Bxd5 16. Bxd5 Ra7 17. c3 Nc4 18. a4 Rc8 19. Ra2 Rac7 20. a5 b4 21. b3 Na3 22. c4 Rc5 23. Ne1 Rxa5 24. Nd3 Bd8 25. Qd2 Qb6 26. Nxb4 Qc5 27. Nc6 Rxc6 28. b4 Qd4 29. Qxd4 exd4 30. bxa5 Rc5 31. Rxa3 Rxa5 32. Rxa5 Bxa5 33. Rxd4 Bb6 34. Rd3 Bc5 35. Rb3 g6 36. Rb7 Kg7 37. Rxf7+ Kh6 38. h4 a5 39. Rf8 a4 40. Ra8 a3 41. g4 g5 42. Kg2 gxh4 43. f4 Bd4 44. Rxa3 Bc5 45. Kh3 Bxa3 46. Kxh4 Bb2 47. g5+ Kg7 48. Kh5 Bc1 49. f5 Bb2 50. f6+ Kf8 51. Kg4 Bc1 52. Kf5 Be3 53. Be6 Bd4 54. Bd5 Be3 55. Bc6 Bd4 56. Ba4 Be3 57. Bc2 Bd4 58. Bd1 Be3 59. Bh5 Bd4 60. Kg4 Be3 61. Kf5 Bd4 62. Be2 Be3 63. Kg4 Bd4 64. Kf4 Be5+ 65. Kf5 Bd4 66. Ke6 Be3 67. Kxd6 Bxg5 68. e5 Bf4 69. c5 Be3 70. c6 Bb6 71. c7 Bxc7+ 72. Kxc7 Kf7 73. Kd7 Kg6 74. e6 Kxf6 75. e7 1-0


[Site "https://www.chess.com"]

[Event "Titled Tuesday Blitz February 15 Early 2022"]
[White "Timofeev, Artyom"]
[Black "Yang, Kaiqi"]
[WhiteFideId "4140419"]
[BlackFideId "8604398"]
[WhiteElo "2583"]
[BlackElo "2373"]
[Result "1/2-1/2"]
[Round "02"]
[TimeControl "180+1"]
[Date "2022.02.15"]
[WhiteClock "0:00:31"]
[BlackClock "0:00:11"]

1. d4 d5 2. c4 e6 3. Nc3 a6 4. g3 dxc4 5. Bg2 c5 6. Nf3 Nf6 7. O-O Nc6 8. Be3 Ng4 9. Bg5 f6 10. Be3 Nxe3 11. fxe3 Be7 12. Qc2 O-O 13. Rad1 Qc7 14. d5 Nb4 15. Qe4 exd5 16. Nxd5 Nxd5 17. Qxd5+ Kh8 18. Nh4 Bg4 19. Qxc4 Bh5 20. Bf3 Bf7 21. Bd5 Bxd5 22. Rxd5 Rad8 23. Nf5 Rxd5 24. Qxd5 g6 25. Nh4 f5 26. Ng2 Bf6 27. b3 Rd8 28. Qe6 Qe7 29. Qc4 b5 30. Qc2 Kg7 31. h4 Qe5 32. Kf2 Qc3 33. Rc1 Qxc2 34. Rxc2 Be7 35. Nf4 Kf6 36. Kf3 h6 37. e4 fxe4+ 38. Kxe4 g5 39. Nd5+ Ke6 40. Nxe7 Kxe7 41. hxg5 hxg5 42. Rxc5 Rd2 43. e3 Rxa2 44. Rxg5 Rb2 45. Rg7+ Kf8 46. Ra7 Rxb3 47. Rxa6 Rb1 48. Rb6 b4 49. Ke5 b3 50. e4 b2 51. g4 Rg1 52. Rxb2 Rxg4 53. Rb8+ Ke7 54. Rb7+ Ke8 55. Kd5 Rg6 56. e5 Rh6 57. Ra7 Rg6 58. Rc7 Rh6 59. Rc6 Rxc6 60. Kxc6 Ke7 61. Kd5 Kd7 62. e6+ Ke7 63. Ke5 Ke8 64. Kd6 Kd8 65. Kd5 Ke7 66. Ke5 Ke8 67. Kf6 Kf8 68. e7+ Ke8 69. Ke6 1/2-1/2


[Site "https://www.chess.com"]

[Event "Titled Tuesday Blitz February 15 Early 2022"]
[White "Tissir, Mohamed"]
[Black "Smith, Shreyas"]
[WhiteFideId "9000240"]
[BlackFideId "7400713"]
[WhiteElo "2464"]
[BlackElo "2129"]
[Result "1-0"]
[Round "02"]
[TimeControl "180+1"]
[Date "2022.02.15"]
[WhiteClock "0:02:03"]
[BlackClock "0:00:38"]

1. e4 c5 2. Nc3 Nc6 3. Bb5 Nd4 4. Bc4 Nf6 5. Nge2 e6 6. O-O a6 7. d3 d5 8. exd5 exd5 9. Nxd5 Nxd5 10. Nxd4 cxd4 11. Qh5 Be6 12. Re1 Nf6 13. Rxe6+ Be7 14. Rxf6 O-O 15. Rf3 g6 16. Qh6 1-0


[Site "https://www.chess.com"]

[Event "Titled Tuesday Blitz February 15 Early 2022"]
[White "Tsydypov, Zhamsaran"]
[Black "Aradhya, Garg"]
[WhiteFideId "4108566"]
[BlackFideId "25006746"]
[WhiteElo "2614"]
[BlackElo "2169"]
[Result "1-0"]
[Round "02"]
[TimeControl "180+1"]
[Date "2022.02.15"]
[WhiteClock "0:00:45"]
[BlackClock "0:00:07"]

1. d4 d5 2. Nf3 Nf6 3. c4 c6 4. Nc3 dxc4 5. a4 Bf5 6. Ne5 Nbd7 7. Nxc4 Nb6 8. Ne5 a5 9. h4 e6 10. f3 h6 11. e4 Bh7 12. Be3 Nfd7 13. Nd3 Bd6 14. Bf2 O-O 15. Be2 Qb8 16. O-O Bg3 17. Qe1 Bxf2+ 18. Qxf2 f5 19. e5 f4 20. Rfd1 Qa7 21. Rac1 Rad8 22. d5 Bxd3 23. Bxd3 Nxe5 24. d6 Nc8 25. Qxa7 Nxa7 26. Ne4 Nc8 27. Bf1 b6 28. Ba6 Rd7 29. Re1 Rfd8 30. Nc5 bxc5 31. Rxe5 Rxd6 32. Rexc5 Nb6 33. Rxa5 Nd5 34. Rac5 Nb4 35. Bc4 g6 36. Re5 Kg7 37. Rxe6 Rxe6 38. Bxe6 Rd2 39. b3 Rb2 40. Bc4 Kf6 41. Ra1 Nc2 42. Rd1 Ne3 43. Rd6+ Kf5 44. Bd3+ Ke5 45. Rxg6 Rxb3 46. Be4 c5 47. Rxh6 c4 48. h5 Ra3 49. Rc6 Ra1+ 50. Kh2 Nf1+ 51. Kh3 Ne3 52. Kh4 Nxg2+ 53. Kg5 Ne3 54. h6 Rg1+ 55. Kh5 Kd4 56. h7 Rh1+ 57. Kg6 c3 58. Rc8 c2 59. Bxc2 Rg1+ 60. Kf6 Rh1 61. Be4 Rh6+ 62. Kg5 Rxh7 63. Bxh7 Kd5 64. Kxf4 Ng2+ 65. Kg5 Ne3 66. f4 Kd6 67. f5 Kd7 68. f6 Kxc8 69. f7 Kb8 70. f8=Q+ Kc7 71. Qc5+ Kb7 72. Qxe3 Ka6 73. Qc5 Kb7 74. a5 Ka6 75. Qb6# 1-0


[Site "https://www.chess.com"]

[Event "Titled Tuesday Blitz February 15 Early 2022"]
[White "Urazayev, Arystanbek"]
[Black "Budrewicz, Krzysztof"]
[WhiteFideId "13709810"]
[BlackFideId "1127950"]
[WhiteElo "2321"]
[BlackElo "2248"]
[Result "0-1"]
[Round "02"]
[TimeControl "180+1"]
[Date "2022.02.15"]
[WhiteClock "0:00:16"]
[BlackClock "0:00:46"]

1. d4 Nf6 2. c4 g6 3. Nc3 Bg7 4. e4 O-O 5. Be2 d6 6. h4 h6 7. h5 g5 8. f4 gxf4 9. Bxf4 Nc6 10. Qd2 Kh7 11. Nf3 Ng4 12. d5 Nce5 13. Nxe5 dxe5 14. Bg3 Bf6 15. Bxg4 Bxg4 16. Nd1 Qd6 17. Ne3 Bg5 18. Qc3 Bxe3 19. Qxe3 f6 20. c5 Qa6 21. Kf2 Rg8 22. b3 Rg7 23. Bh4 Rag8 24. g3 Rf7 25. Kg1 Bc8 26. Rh2 Rg4 27. Rf2 Rfg7 28. Kh2 Qb5 29. a3 Qe8 30. Rf3 Qxh5 31. Qe1 Rxh4+ 32. gxh4 Qxf3 33. Ra2 Qh3# 0-1


[Site "https://www.chess.com"]

[Event "Titled Tuesday Blitz February 15 Early 2022"]
[White "Urbina Quiroz, Edwin"]
[Black "Tsyhanchuk, Stanislav"]
[WhiteFideId "6500650"]
[BlackFideId "13505130"]
[WhiteElo "2130"]
[BlackElo "2078"]
[Result "1-0"]
[Round "02"]
[TimeControl "180+1"]
[Date "2022.02.15"]
[WhiteClock "0:00:15"]
[BlackClock "0:00:16"]

1. e4 c5 2. Nf3 e6 3. c3 d5 4. e5 Nc6 5. d4 cxd4 6. cxd4 Bb4+ 7. Bd2 Nge7 8. Bd3 Ng6 9. O-O Bxd2 10. Qxd2 a6 11. Nc3 O-O 12. a4 f5 13. Rfb1 Nh4 14. Be2 Nxf3+ 15. Bxf3 Qh4 16. Ne2 Bd7 17. b4 Be8 18. b5 Ne7 19. Qf4 Qxf4 20. Nxf4 Bf7 21. bxa6 bxa6 22. Rb6 Nc8 23. Rc6 Re8 24. Rac1 g5 25. Nh5 Ne7 26. Nf6+ Kh8 27. Nxe8 Nxc6 28. Rxc6 Bxe8 29. Rxe6 Rc8 30. g4 Bf7 31. Rxa6 fxg4 32. Bxg4 Rc1+ 33. Kg2 Bg6 34. e6 Be4+ 35. f3 Rc2+ 36. Kg3 Bg6 37. e7 Re2 38. Re6 Rxe6 39. Bxe6 Kg7 40. Bd7 h5 41. e8=Q h4+ 42. Kf2 Bxe8 43. Bxe8 Kf6 44. Bc6 Ke7 45. Bxd5 Kd6 46. Be4 Kc7 47. h3 Kb6 48. Ke2 Ka5 49. Ke3 Kxa4 50. f4 gxf4+ 51. Kxf4 Kb4 52. Kg5 Kc4 53. d5 Kc5 54. Bh1 Kd6 55. Kxh4 Ke5 56. Kg5 Kd6 57. h4 Kd7 58. h5 Ke7 59. h6 Kf7 60. Kh5 Kg8 61. Kg6 Kh8 62. d6 Kg8 63. Bd5+ Kh8 64. Be4 Kg8 65. d7 Kh8 66. d8=Q# 1-0


[Site "https://www.chess.com"]

[Event "Titled Tuesday Blitz February 15 Early 2022"]
[White "Vakhlamov, Igor L."]
[Black "Plotnikov, Pavel"]
[WhiteFideId "24126748"]
[BlackFideId "4170342"]
[WhiteElo "2401"]
[BlackElo "2298"]
[Result "0-1"]
[Round "02"]
[TimeControl "180+1"]
[Date "2022.02.15"]
[WhiteClock "0:00:04"]
[BlackClock "0:00:17"]

1. e4 e6 2. d4 d5 3. Nc3 Nf6 4. Bd3 c5 5. Nf3 cxd4 6. Nxd4 Nc6 7. Nxc6 bxc6 8. O-O Be7 9. Re1 O-O 10. Qf3 d4 11. Ne2 e5 12. h3 c5 13. b3 Ne8 14. Ng3 Nd6 15. Nf5 g6 16. Bh6 Re8 17. Ng7 Rf8 18. Nf5 Re8 19. Rad1 Bf8 20. Nxd6 Qxd6 21. Bg5 Bg7 22. a4 Be6 23. Rf1 f6 24. Bd2 Rf8 25. Qe2 f5 26. f4 Rae8 27. fxe5 Bxe5 28. Bh6 Rf7 29. Kh1 f4 30. Bg5 Kg7 31. Bc4 h6 32. Bh4 g5 33. Be1 Kg6 34. Bxe6 Qxe6 35. Qb5 h5 36. Qxc5 g4 37. Qd5 Qc8 38. Bh4 gxh3 39. Rd2 Qg4 40. Be1 Rg7 41. Rff2 Kh7 42. Qc4 f3 43. g3 Qxg3 44. Rf1 Qg2+ 45. Rxg2 fxg2+ 46. Kg1 h2+ 47. Kf2 g1=Q+ 48. Kf3 h1=Q+ 49. Ke2 Qxf1+ 50. Kd2 Qxe1+ 51. Kd3 Qhf1# 0-1


[Site "https://www.chess.com"]

[Event "Titled Tuesday Blitz February 15 Early 2022"]
[White "Valle Maytin, Luis Enrique"]
[Black "Danielian, Vardan"]
[WhiteFideId "3503666"]
[BlackFideId "13301594"]
[WhiteElo "1996"]
[BlackElo "2411"]
[Result "0-1"]
[Round "02"]
[TimeControl "180+1"]
[Date "2022.02.15"]
[WhiteClock "0:02:45"]
[BlackClock "0:02:59"]

1. e4 c5 2. Nf3 d6 3. d4 cxd4 4. Nxd4 Nf6 5. Nc3 g6 6. Bc4 Bg7 7. f3 O-O 8. Be3 Nc6 9. Qd2 Bd7 10. O-O-O Rc8 11. Kb1 Nxd4 12. Qxd4 Ng4 13. Qd3 Nxe3 14. Qxe3 0-1


[Site "https://www.chess.com"]

[Event "Titled Tuesday Blitz February 15 Early 2022"]
[White "Van Foreest, Jorden"]
[Black "Gaehwiler, Gabriel"]
[WhiteFideId "1039784"]
[BlackFideId "1314530"]
[WhiteElo "2609"]
[BlackElo "2383"]
[Result "1-0"]
[Round "02"]
[TimeControl "180+1"]
[Date "2022.02.15"]
[WhiteClock "0:00:27"]
[BlackClock "0:00:13"]

1. g3 g6 2. e4 Bg7 3. d4 d6 4. Bg2 Nf6 5. Nc3 O-O 6. Nge2 e5 7. O-O Nc6 8. d5 Ne7 9. a4 a5 10. Ra3 Nd7 11. Nb5 Nc5 12. Be3 b6 13. Qd2 f5 14. exf5 Nxf5 15. Bg5 Qd7 16. g4 Nd4 17. Nexd4 exd4 18. h3 Ba6 19. Re1 Bxb5 20. Re7 Bxa4 21. Rxd7 Bxd7 22. Rf3 Rxf3 23. Bxf3 Re8 24. Bh6 Bf6 25. Kg2 Re7 26. h4 Be5 27. Qg5 Re8 28. h5 Kf7 29. hxg6+ hxg6 30. Qd2 Kg8 31. Bf4 Bg7 32. Bg3 Kf7 33. Bh4 Kg8 34. Qg5 Kf7 35. Qf4+ Kg8 36. Bf6 Rf8 37. g5 Bxf6 38. gxf6 Bf5 39. Qxd4 Bxc2 40. Bg4 Be4+ 41. Kg3 Bf5 42. Bxf5 gxf5 43. Kf4 Kf7 44. Kxf5 Re8 45. f4 Re4 46. Qg1 1-0


[Site "https://www.chess.com"]

[Event "Titled Tuesday Blitz February 15 Early 2022"]
[White "Vetokhin, Ilia"]
[Black "Eggleston, Thomas A"]
[WhiteFideId "24156078"]
[BlackFideId "412139"]
[WhiteElo "1897"]
[BlackElo "2174"]
[Result "1-0"]
[Round "02"]
[TimeControl "180+1"]
[Date "2022.02.15"]
[WhiteClock "0:00:11"]
[BlackClock "0:00:03"]

1. d4 e6 2. c4 f5 3. g3 Nf6 4. Bg2 Be7 5. Nf3 O-O 6. O-O d6 7. b3 Ne4 8. Bb2 Bf6 9. Nfd2 d5 10. f3 Nxd2 11. Nxd2 c5 12. e3 Nc6 13. cxd5 exd5 14. Nb1 cxd4 15. exd4 Qb6 16. f4 Be6 17. Re1 Bf7 18. Na3 Nxd4 19. Kh1 Rad8 20. Rc1 a6 21. Qd3 Nb5 22. Bxf6 Qxf6 23. Nxb5 axb5 24. Qxb5 d4 25. Qxb7 d3 26. Rcd1 d2 27. Re2 Qb2 28. Bf3 Rfe8 29. Qa6 Rxe2 30. Qxe2 g6 31. a4 Bxb3 32. Qe7 Qd4 33. Rg1 Qd3 34. Kg2 Rd7 35. Qe8+ Kg7 36. a5 Kh6 37. Qf8+ Rg7 38. Qf6 Bd5 39. Qg5# 1-0


[Site "https://www.chess.com"]

[Event "Titled Tuesday Blitz February 15 Early 2022"]
[White "Vidit, Santosh Gujrathi"]
[Black "Winkels, Marcel"]
[WhiteFideId "5029465"]
[BlackFideId "1003887"]
[WhiteElo "2654"]
[BlackElo "1900"]
[Result "1-0"]
[Round "02"]
[TimeControl "180+1"]
[Date "2022.02.15"]
[WhiteClock "0:02:23"]
[BlackClock "0:01:02"]

1. Nf3 Nf6 2. g3 g6 3. Bg2 Bg7 4. c4 c6 5. b3 d5 6. Bb2 O-O 7. O-O Ne4 8. Bxg7 Kxg7 9. d3 Nf6 10. Qc2 d4 11. b4 a5 12. Qb2 axb4 13. Nxd4 c5 14. Nb3 Qc7 15. a3 Nc6 16. Nxc5 b6 17. Nb3 Bb7 18. axb4 Nxb4 19. Bxb7 Qxb7 20. Nc3 Nc6 21. Nd5 Rfd8 22. Nc5 Qb8 23. Rxa8 Qxa8 24. Ne4 1-0


[Site "https://www.chess.com"]

[Event "Titled Tuesday Blitz February 15 Early 2022"]
[White "Vifleemskaia, Svetlana"]
[Black "Senthil Maran K"]
[WhiteFideId "4129490"]
[BlackFideId "25035681"]
[WhiteElo "1901"]
[BlackElo "2194"]
[Result "0-1"]
[Round "02"]
[TimeControl "180+1"]
[Date "2022.02.15"]
[WhiteClock "0:00:01"]
[BlackClock "0:00:09"]

1. d4 Nf6 2. c4 c5 3. d5 b5 4. Nd2 g6 5. b3 Bg7 6. Bb2 O-O 7. e4 d6 8. Bd3 bxc4 9. Nxc4 Na6 10. a3 Nc7 11. Nf3 Ba6 12. O-O Rb8 13. Re1 Qd7 14. h3 Qb5 15. Bc2 Qb7 16. Na5 Qb6 17. Nc6 Rbe8 18. b4 Nd7 19. Bxg7 Kxg7 20. Rb1 cxb4 21. axb4 Bb5 22. Qd4+ Qxd4 23. Nfxd4 Bxc6 24. Nxc6 a6 25. Bd3 Ne5 26. Bf1 Nxc6 27. dxc6 Rb8 28. e5 d5 29. Rec1 e6 30. Rc5 Rb6 31. g3 Rfb8 32. Ra1 Kf8 33. h4 h6 34. Kg2 g5 35. hxg5 hxg5 36. Bd3 Ke7 37. Kf3 Rxb4 38. Bxa6 g4+ 39. Kg2 Ra8 40. Rca5 Kd8 41. Bb7 Rxa5 42. Rxa5 Re4 43. Ra1 Rxe5 44. Rh1 Ke7 45. Rh4 Re4 46. Rh8 Kd6 47. Rd8+ Kc5 48. Rd7 Kb6 49. Rxf7 Nb5 50. Re7 Nd6 51. Rd7 Nf5 52. Ba8 Rc4 53. Rf7 Rc2 54. Rb7+ Ka6 0-1


[Site "https://www.chess.com"]

[Event "Titled Tuesday Blitz February 15 Early 2022"]
[White "Vine, Elzbieta"]
[Black "Krylov, Ivan"]
[WhiteFideId "1119320"]
[BlackFideId "24128066"]
[WhiteElo "1754"]
[BlackElo "2258"]
[Result "1-0"]
[Round "02"]
[TimeControl "180+1"]
[Date "2022.02.15"]
[WhiteClock "0:00:38"]
[BlackClock "0:01:04"]

1. e4 c6 2. f4 d5 3. e5 c5 4. Nf3 Nc6 5. Bb5 d4 6. O-O Bf5 7. d3 e6 8. Nbd2 Ne7 9. Qe1 Nd5 10. Ne4 Rc8 11. Bd2 Be7 12. h3 h5 13. Ng3 Bg6 14. f5 exf5 15. e6 f4 16. exf7+ Kxf7 17. Bxc6 bxc6 18. Ne5+ Kf6 19. Bxf4 Be8 20. Bh6+ Ke6 21. Nxc6+ Ne3 22. Nxd8+ Bxd8 23. Bxe3 dxe3 24. Qxe3+ Kd7 25. Rae1 Bg6 1-0


[Site "https://www.chess.com"]

[Event "Titled Tuesday Blitz February 15 Early 2022"]
[White "Visakh N R"]
[Black "Crispin Ferreras, Darvi Abraham"]
[WhiteFideId "25012223"]
[BlackFideId "6402771"]
[WhiteElo "2454"]
[BlackElo "2187"]
[Result "1-0"]
[Round "02"]
[TimeControl "180+1"]
[Date "2022.02.15"]
[WhiteClock "0:02:55"]
[BlackClock "0:01:52"]

1. e4 c6 2. d4 d5 3. Nd2 dxe4 4. Nxe4 Bf5 5. Ng3 Bg6 6. Nf3 Nd7 7. Bd3 Bxd3 8. Qxd3 e6 9. O-O Ngf6 10. Re1 Bd6 11. Nf5 Bf8 12. Bf4 Qb6 13. c4 O-O-O 14. Nd6+ Bxd6 15. Bxd6 c5 16. Be7 Rde8 17. dxc5 Nxc5 18. Bxc5 Qxc5 19. b4 Qf5 20. Qe3 Kb8 21. Nd4 Qg6 22. Nb5 1-0


[Site "https://www.chess.com"]

[Event "Titled Tuesday Blitz February 15 Early 2022"]
[White "Viskelis, Darius"]
[Black "Selbes, Tarik"]
[WhiteFideId "12800830"]
[BlackFideId "6302513"]
[WhiteElo "1999"]
[BlackElo "2290"]
[Result "0-1"]
[Round "02"]
[TimeControl "180+1"]
[Date "2022.02.15"]
[WhiteClock "0:00:09"]
[BlackClock "0:02:00"]

1. e4 d6 2. d4 Nf6 3. Nc3 g6 4. Bg5 Bg7 5. f4 Nc6 6. e5 Nd7 7. d5 h6 8. dxc6 hxg5 9. cxd7+ Bxd7 10. exd6 cxd6 11. fxg5 Qa5 12. Qd2 Rc8 13. Bd3 Rxc3 14. Ne2 Rc5 15. b4 Qc7 16. bxc5 Bxa1 17. c3 Qxc5 18. h3 Bc6 19. Qc1 Bxg2 20. Rh2 Bf3 21. Qxa1 Bxe2 22. c4 Qg1+ 23. Kxe2 Qxa1 0-1


[Site "https://www.chess.com"]

[Event "Titled Tuesday Blitz February 15 Early 2022"]
[White "Vitiugov, Nikita"]
[Black "Alinasab, Mobina"]
[WhiteFideId "4152956"]
[BlackFideId "12528897"]
[WhiteElo "2673"]
[BlackElo "2061"]
[Result "1-0"]
[Round "02"]
[TimeControl "180+1"]
[Date "2022.02.15"]
[WhiteClock "0:00:38"]
[BlackClock "0:00:03"]

1. Nf3 Nf6 2. g3 b6 3. Bg2 Bb7 4. O-O e6 5. d3 c5 6. e4 d6 7. Ng5 Qc7 8. f4 Nbd7 9. Nc3 a6 10. a4 Be7 11. f5 e5 12. Nh3 h5 13. Nf2 O-O-O 14. Bg5 Nb8 15. Qe2 Nc6 16. Qd2 Nb4 17. Na2 Nxa2 18. Rxa2 d5 19. Bxf6 Bxf6 20. exd5 Bxd5 21. Bxd5 Rxd5 22. Ne4 Qc6 23. Qc3 Be7 24. Qc4 Kb7 25. Nc3 Rd7 26. Raa1 h4 27. Qe4 hxg3 28. hxg3 Bg5 29. Kg2 f6 30. Qxc6+ Kxc6 31. Ne4 Bh6 32. b3 Rhd8 33. Kf3 Ra7 34. Kg4 Rda8 35. Kh5 b5 36. axb5+ axb5 37. Rxa7 Rxa7 38. Nxf6 gxf6 39. Kxh6 Ra2 40. Rc1 Kd6 41. Kg7 Ke7 42. g4 Rb2 43. g5 fxg5 44. f6+ 1-0


[Site "https://www.chess.com"]

[Event "Titled Tuesday Blitz February 15 Early 2022"]
[White "Vivas Zamora, Fabian Ernesto"]
[Black "Prohorov, Olexandr"]
[WhiteFideId "3902480"]
[BlackFideId "14105578"]
[WhiteElo "1966"]
[BlackElo "1993"]
[Result "0-1"]
[Round "02"]
[TimeControl "180+1"]
[Date "2022.02.15"]
[WhiteClock "0:00:05"]
[BlackClock "0:00:13"]

1. c4 g6 2. g3 Bg7 3. Bg2 f5 4. Nc3 Nf6 5. d3 O-O 6. e4 d6 7. exf5 gxf5 8. Nge2 e5 9. Bg5 c6 10. O-O Qe8 11. d4 Be6 12. b3 Nbd7 13. Qd2 Qg6 14. d5 cxd5 15. Nxd5 Nxd5 16. Bxd5 Nc5 17. Be7 Rf7 18. Bxd6 b6 19. Bxc5 bxc5 20. Rad1 Re8 21. Nc3 f4 22. Bxe6 Qxe6 23. Qd5 Qh3 24. Qg2 Qf5 25. Rfe1 f3 26. Qf1 e4 27. Nd5 Bd4 28. Ne3 Qh5 29. Nc2 Rd7 30. b4 Re6 31. bxc5 Qxc5 32. Nxd4 Rxd4 33. Rxd4 Qxd4 34. Rd1 Qc5 35. Rd8+ Kf7 36. Qd1 e3 37. Qxf3+ Rf6 38. Qh5+ Qxh5 0-1


[Site "https://www.chess.com"]

[Event "Titled Tuesday Blitz February 15 Early 2022"]
[White "Volkov, Maksim"]
[Black "Hess, Robert"]
[WhiteFideId "54123070"]
[BlackFideId "2022036"]
[WhiteElo "2081"]
[BlackElo "2557"]
[Result "1-0"]
[Round "02"]
[TimeControl "180+1"]
[Date "2022.02.15"]
[WhiteClock "0:00:14"]
[BlackClock "0:00:02"]

1. d4 g6 2. c4 Bg7 3. g3 e6 4. Bg2 Ne7 5. Nc3 d6 6. Nf3 Nd7 7. O-O a6 8. e4 h6 9. Be3 b6 10. Qd2 Bb7 11. a4 a5 12. h3 Nc6 13. Rad1 Nb4 14. Nh4 g5 15. Nf3 Qe7 16. d5 Nc5 17. Bxc5 bxc5 18. e5 dxe5 19. dxe6 Qxe6 20. Nb5 Qe7 21. Rfe1 e4 22. Nxg5 hxg5 23. Bxe4 Bxe4 24. Rxe4 Qxe4 25. Re1 Qxe1+ 26. Qxe1+ Kf8 27. Nxc7 Rc8 28. Nd5 Re8 29. Qc1 Re5 30. Ne3 Re4 31. Kg2 Bd4 32. Nf5 Nd3 33. Qxg5 Rg8 34. Qd8+ Re8 35. Qd6+ 1-0


[Site "https://www.chess.com"]

[Event "Titled Tuesday Blitz February 15 Early 2022"]
[White "Vovk, Orest"]
[Black "Srihari L R"]
[WhiteFideId "14113490"]
[BlackFideId "46617116"]
[WhiteElo "2203"]
[BlackElo "2121"]
[Result "0-1"]
[Round "02"]
[TimeControl "180+1"]
[Date "2022.02.15"]
[WhiteClock "0:00:10"]
[BlackClock "0:00:21"]

1. h4 d5 2. h5 h6 3. e4 dxe4 4. Nc3 Nf6 5. Qe2 Bf5 6. Qb5+ Bd7 7. Qxb7 Nc6 8. Bb5 Rb8 9. Qxc6 Bxc6 10. Bxc6+ Nd7 11. Nxe4 e6 12. Nf3 Bd6 13. d4 O-O 14. c3 Nf6 15. Nxf6+ Qxf6 16. Be4 Bf4 17. b4 Bxc1 18. Rxc1 Qf4 19. Nd2 f5 20. g3 Qd6 21. Bf3 Qa6 22. Be2 Qa3 23. O-O a5 24. b5 f4 25. g4 Qxa2 26. Rfd1 f3 27. Bc4 Qa3 28. Bxe6+ Kh8 29. c4 Qe7 30. d5 Qh4 31. Rc3 Qh3 32. Nxf3 Rxf3 33. Rxf3 Qxf3 34. Ra1 a4 35. Bf5 a3 36. Re1 Qc3 37. Re7 a2 38. Rxc7 a1=Q+ 39. Kg2 Qce1 40. d6 Qh1+ 41. Kg3 Qe5+ 0-1


[Site "https://www.chess.com"]